 Dungeon Crawl Stone Soup version 0.31-a0-232-gb1c03b2570 (webtiles) character file.

Game seed: 11655165021633592815

58 qw the Shooter (level 4, 0/26 HPs)
             Began as a Gargoyle Hexslinger on July 7, 2023.
             Slain by Sigmund
             ... wielding a +0 scythe
              (5 damage)
             ... on level 2 of the Dungeon.
             The game lasted 00:00:29 (1141 turns).

qw the Shooter (Gargoyle Hexslinger)                Turns: 1141, Time: 00:00:29

Health: 0/26       AC:  6    Str: 11    XL:     4   Next: 2%
Magic:  5/5        EV: 11    Int: 14    God:
Gold:   56         SH:  0    Dex: 14    Spells: 4/5 levels left

rFire   . . .        Y - +1 sling
rCold   . . .        (no shield)
rNeg    + . .        a - +0 leather armour
rPois   inf          (no helmet)
rElec   +            (no cloak)
rCorr   .            (no gloves)
SInv    .            (no boots)
Will    .....        (no amulet)
Stlth   +            (no ring)
HPRegen 0.24/turn    (no ring)
MPRegen 0.09/turn

%: no passive effects
@: no status effects
A: sickness immunity, AC +3, negative energy resistance 1, electricity
resistance, torment resistance 1, petrification resistance
a: no special abilities


You were on level 2 of the Dungeon.
You visited 1 branch of the dungeon, and saw 2 of its levels.

You collected 56 gold pieces.


Innate Abilities, Weirdness & Mutations

You are immune to sickness and miasma.
Your stone body is resilient. (AC +3)
You are immune to poison.
You resist negative energy. (rN+)
You are resistant to electric shocks. (rElec)
You are resistant to unholy torment.
You are immune to petrification.


   Skills:
 - Level 2.0 Fighting
 + Level 3.8 Ranged Weapons
 - Level 1.5 Dodging
 - Level 1.0 Spellcasting
 - Level 2.6 Hexes


You had 4 spell levels left.
You knew the following spells:

 Your Spells              Type           Power      Damage    Failure   Level
a - Slow                  Hex            32%        N/A       12%         1

Your spell library contained the following spells:

 Spells                   Type           Power      Damage    Failure   Level
 Inner Flame              Hex/Fire       4%         N/A       52%         3
 Portal Projectile        Hex/Tloc       8%         N/A       52%         3
 Cause Fear               Hex            4%         N/A       75%         4

Inventory:

Hand Weapons
 Y - a +1 sling (weapon)
Armour
 a - a +0 leather armour (worn)
Scrolls
 d - a scroll of identify

Dungeon Overview and Level Annotations

Branches:
Dungeon (2/15)

Altars:

Annotations:
D:2 Sigmund


Message History

Sigmund the Dreaded comes into view.
He is wielding a +0 scythe.
Sigmund shouts!
Sigmund gestures at you while chanting. The puff of flame hits you.
The quokka moves out of view.
Enter note:
Enter note: You shoot a sling bullet.
The sling bullet hits Sigmund.
Sigmund is lightly wounded.
You shoot a sling bullet. The sling bullet hits Sigmund.
Sigmund is moderately wounded.
You shoot a sling bullet.
The sling bullet closely misses Sigmund.
Sigmund barely misses you.
You shoot a sling bullet. The sling bullet hits Sigmund!
Sigmund is severely wounded.
Sigmund hits you from afar with a +0 scythe.
You shoot a sling bullet. The sling bullet hits Sigmund.
Sigmund is severely wounded.
Sigmund hits you from afar with a +0 scythe!
You shoot a sling bullet. The sling bullet hits Sigmund.
Sigmund is almost dead.
Sigmund casts a spell at you. The puff of flame hits you.
You shoot a sling bullet. The sling bullet barely misses Sigmund.
Sigmund hits you from afar with a +0 scythe!
You shoot a sling bullet. The sling bullet hits Sigmund.
Sigmund is almost dead.
Sigmund closely misses you.
You shoot a sling bullet.
The sling bullet closely misses Sigmund.
Sigmund says, "Your kind have come here before.
I understand now why.
You desire death..."
Sigmund gestures wildly while chanting.
Sigmund flickers and vanishes!
Deactivating autopickup; reactivate with Ctrl-A.
You shoot a sling bullet.
A magic dart appears from out of thin air!
The magic dart hits you.
You shoot a sling bullet. Something hits you.
You die...

#.# ##..... #.....#
#.# ##..## #.....#
#.#####...##
#.....####..........#
#............######.#
#.....#####..######..
#..{..# #.%........
#.....# #......)...
#...@.# #.%#######.
####### ###..# ##
###....# # #....%##
#.###.######### #.
#.......... .
#......#### #......#
#......#


There were no monsters in sight!

Vanquished Creatures
  2 adders (D:2)
  A worm (D:2)
  A dart slug (D:1)
  3 bats
  3 endoplasms (D:1)
  2 giant cockroaches
  3 goblins
  5 hobgoblins
  3 kobolds
  A quokka (D:1)
  2 ball pythons
  A frilled lizard (D:1)
  8 rats
35 creatures vanquished.

Notes
Turn   | Place    | Note
-------+----------+-------------------------------------------
     0 | D:1      | qw the Gargoyle Hexslinger began the quest for the Orb.
     0 | D:1      | Reached XP level 1. HP: 12/12 MP: 2/2
     0 | D:1      | 0 ||| qw: Version: 0.3-a-46-gb1f654a
     0 | D:1      | 0 ||| qw: Game counter: 2306
     0 | D:1      | 0 ||| qw: Melee chars always use a shield: true
     0 | D:1      | 0 ||| qw: God list: Okawaru
     0 | D:1      | 0 ||| qw: Allow faded altars: false
     0 | D:1      | 0 ||| qw: Do Orc after clearing Dungeon:15 true
     0 | D:1      | 0 ||| qw: Do second Lair branch before Depths: true
     0 | D:1      | 0 ||| qw: Lair rune preference: random
     0 | D:1      | 0 ||| qw: Goals: Normal
     0 | D:1      | 0 ||| PLANNING D:1-11
   123 | D:1      | You fall into a shaft and drop 1 floor!
   161 | D:2      | HP: 1/12 [worm (5)]
   165 | D:2      | Reached XP level 2. HP: 2/16 MP: 3/3
   194 | D:2      | HP: 4/16 [adder (3)]
   196 | D:2      | HP: 1/16 [adder (2)]
   201 | D:2      | Reached skill level 3 in Ranged Weapons
   276 | D:2      | Reached XP level 3. HP: 21/21 MP: 4/4
   339 | D:2      | 339 ||| READING scroll labelled PIHE UTZISM.
   344 | D:2      | 344 ||| READING scroll labelled XIRCHOD UXOEN.
   345 | D:2      | 345 ||| DRINKING 2 ruby potions.
   346 | D:2      | 346 ||| DROPPING scroll of poison.
   347 | D:2      | 347 ||| DROPPING potion of invisibility.
   759 | D:1      | Reached XP level 4. HP: 26/26 MP: 5/5
  1047 | D:1      | 1047 ||| UPGRADING to +0 leather armour.
  1057 | D:1      | 1057 ||| DROPPING +0 robe.
  1058 | D:1      | 1058 ||| READING scroll labelled ZIUN JIKOFANELOSA.
  1059 | D:1      | 1059 ||| READING 2 scrolls labelled JEUX ICUXAF.
  1130 | D:2      | Noticed Sigmund
  1140 | D:2      | HP: 4/26 [something/magic dart (5)]
  1141 | D:2      | Slain by Sigmund

Levels and vault maps discovered:
D:1:      dpeg_arrival_more_subterranean_lakeside_camping, layout_loops_ring,
          minmay_bisected
D:2:      layout_rooms, shapermc_ecumenical_altar_mp_ritualfount, uniq_sigmund

Skill      XL: |  1  2  3 |
---------------+----------+-----
Ranged Weapons | 3 |  3.8
Fighting       | 2 |  2.0
Dodging        | |  1.5
Spellcasting   | |  1.0
Hexes          | |  2.6

Action                     |  1- 3 |  4- 6 || total
---------------------------+-------+-------++-------
   Fire: Sling             |   119 |    16 ||   135
    Use: Scroll            |     2 |     2 ||     4
         Potion            |     1 |       ||     1
 Armour: Robe              |    18 |     3 ||    21
  Dodge: Dodged            |    29 |     2 ||    31

Table legend:
 A = Non-vault XP
 B = Vault XP
 C = Vault XP percentage of total XP
 D = Non-vault monster count
 E = Vault monster count
 F = Vault count percentage of total count
                 A         B        C        D         E       F
            +---------+---------+-------+---------+---------+-------
      Total |      72 |      12 |  14.3 |      29 |       6 |  17.1
            +---------+---------+-------+---------+---------+-------
        D:1 |      29 |      12 |  29.3 |      18 |       6 |  25.0
        D:2 |      43 |       0 |   0.0 |      11 |       0 |   0.0
            +---------+---------+-------+---------+---------+-------
